 Dungeon Crawl Stone Soup version 0.30-a0-439-g9e77e4d916 (webtiles) character file.

Game seed: 6998550837164495946

14738 VibeKiller the Unseen (level 11, -2/51 HPs)
             Began as a Spriggan Enchanter on Dec 10, 2022.
             Was a Priest of Nemelex Xobeh.
             Constricted to death by Jorgrun (12 damage)
             ... on level 13 of the Dungeon on Dec 11, 2022.
             The game lasted 01:31:45 (12119 turns).

VibeKiller the Unseen (Spriggan Enchanter)         Turns: 12119, Time: 01:31:45

Health: -2/51      AC:  5    Str: 10    XL:     11   Next: 92%
Magic:  10/27      EV: 18    Int: 20    God:    Nemelex Xobeh [***...]
Gold:   518        SH:  0    Dex: 17    Spells: 24/33 levels left

rFire   . . .      SeeInvis +    t - +3 short sword (distort)
rCold   . . .      Faith    .    (no shield)
rNeg    . . .      Spirit   .    b - +0 robe
rPois   .          Reflect  .    V - +1 hat
rElec   .          Harm     .    o - +1 cloak
rCorr   .          Rampage  .    (gloves unavailable)
Will    +....                    (boots unavailable)
Stlth   ++++++....               q - amulet of regeneration
HPRegen 1.08/turn                y - +6 ring of strength
MPRegen 0.20/turn                B - ring of wizardry

@: confusing by touch, grasped by roots, constricted, very quick
A: very small, no large weapons, unfitting armour, see invisible, speed 3
a: Renounce Religion, Draw Escape, Draw Destruction, Draw Summoning, Triple Draw


You were on level 13 of the Dungeon.
You worshipped Nemelex Xobeh.
Nemelex Xobeh was most pleased with you.
You visited 1 branch of the dungeon, and saw 13 of its levels.
You also visited: Bailey.

You collected 518 gold pieces.

Inventory:

Hand Weapons
 t - a +3 short sword of distortion (weapon)
 E - a +4 quarterstaff of chaos
 O - a +3 vorpal quarterstaff
Missiles
 n - 4 throwing nets
Armour
 b - a +0 robe (worn)
 o - a +1 cloak (worn)
 u - a +1 robe of cold resistance
 V - a +1 hat (worn)
 W - a +0 troll leather armour
Magical Staves
 k - a staff of conjuration
Jewellery
 g - a ring of protection from fire
 l - a ring of ice
 q - an amulet of regeneration (around neck)
 y - a +6 ring of strength (left hand)
 z - a ring of protection from cold
 B - a ring of wizardry (right hand)
Wands
 A - a wand of mindburst (2)
 U - a wand of digging (13)
 X - a wand of flame (11)
Scrolls
 d - a scroll of immolation
 m - 2 scrolls of blinking
 w - 2 scrolls of teleportation
 K - 4 scrolls of poison
 M - 6 scrolls of magic mapping
 S - 2 scrolls of fear
Potions
 c - 2 potions of invisibility
 e - 3 potions of attraction {unknown}
 f - 2 potions of degeneration
 h - 3 potions of lignification
 i - 2 potions of curing
 p - 2 potions of ambrosia
 x - 4 potions of haste
 D - 3 potions of mutation
 J - 5 potions of might
Miscellaneous
 a - a piece from Xom's chessboard (15/15)


   Skills:
 + Level 2.9 Fighting
 + Level 6.6 Short Blades
 + Level 4.2 Throwing
 + Level 7.0 Dodging
 + Level 15.8 Stealth
 + Level 11.8 Spellcasting
 + Level 0.5 Conjurations
 + Level 10.8 Hexes
 + Level 2.2 Translocations
 + Level 0.6 Fire Magic
 + Level 2.1 Ice Magic
 + Level 3.0 Evocations


You had 24 spell levels left.
You knew the following spells:

 Your Spells              Type           Power      Damage    Failure   Level
a - Ensorcelled Hibernat  Hex/Ice        74%        N/A       1%          2
b - Confusing Touch       Hex            53%        N/A       1%          3
c - Portal Projectile     Hex/Tloc       76%        N/A       1%          3
d - Foxfire               Conj/Fire      56%        2x1d6     1%          1

Your spell library contained the following spells:

 Spells                   Type           Power      Damage    Failure   Level
 Dazzling Flash           Conj/Hex       68%        N/A       1%          3
 Tukima's Dance           Hex            53%        N/A       1%          3
 Shock                    Conj/Air       48%        1d6       2%          1
 Leda's Liquefaction      Hex/Erth       16%        N/A       2%          4
 Call Canine Familiar     Summ           11%        N/A       7%          3
 Fireball                 Conj/Fire      7%         3d5       43%         5
 Arcjolt                  Conj/Air       6%         1d16      47%         5
 Starburst                Conj/Fire      7%         6d4       93%         6
 Lehudib's Crystal Spear  Conj/Erth      6%         10d3      100%        8


Dungeon Overview and Level Annotations

Branches:
Dungeon (13/15)            Temple (0/1) D:7            Lair (0/5) D:8
    Orc (0/2) D:12         Bailey (visited)
 Vaults: D:13-14

Altars:
Ashenzari
Dithmenos
Elyvilon
Gozag
Hepliaklqana
Nemelex Xobeh
Sif Muna
Vehumet
Wu Jian

Shops:
D:2 (   D:4 !   D:13 ::(

Portals:
Trove: D:10 (give +6 demon trident)

Annotations:
D:13 Jorgrun
Abyss:1 Menkaure


Innate Abilities, Weirdness & Mutations

You are very small and have problems with some larger weapons.
You are too small for most types of armour.
You have supernaturally acute eyesight. (SInv)
You cover ground extremely quickly. (Speed+++)


Message History

The unseen horror is severely wounded.
The unseen horror barely misses you. The unseen horror misses you.
The unseen horror misses you.
You puncture the unseen horror!
The unseen horror is devoured by a tear in reality.
Jorgrun Earthshaker comes into view.
He is wielding a staff of earth.
Found a stone staircase leading down.
Jorgrun shouts!
Casting: Confusing Touch (safe; 1% risk of failure)
Confirm with . or Enter, or press ? or * to list all spells.
Aiming: Ensorcelled Hibernation (safe; 1% risk of failure)
Press: ? - help, Shift-Dir - straight line, f - Jorgrun
Aim: Jorgrun, wielding a staff of earth and wearing a +0 robe (chance to affect: 1%) Jorgrun resists with almost no effort.
Casting: Ensorcelled Hibernation (safe; 1% risk of failure)
Confirm with . or Enter, or press ? or * to list all spells.
Aiming: Ensorcelled Hibernation (safe; 1% risk of failure)
Press: ? - help, Shift-Dir - straight line, f/p - Jorgrun
Aim: Jorgrun, wielding a staff of earth and wearing a +0 robe (chance to affect: 1%) Jorgrun resists with almost no effort.
Jorgrun points at you and mumbles some strange words.
Roots burst forth from the earth!
The grasping roots grab you! The grasping roots constrict you!
Casting: Ensorcelled Hibernation (safe; 1% risk of failure)
Confirm with . or Enter, or press ? or * to list all spells.
Aiming: Ensorcelled Hibernation (safe; 1% risk of failure)
Press: ? - help, Shift-Dir - straight line, f/p - Jorgrun
Aim: Jorgrun, wielding a staff of earth and wearing a +0 robe (chance to affect: 1%) Jorgrun resists with almost no effort.
The grasping roots constrict you!
Casting: Ensorcelled Hibernation (safe; 1% risk of failure)
Confirm with . or Enter, or press ? or * to list all spells.
Your hands begin to glow red.
The grasping roots constrict you!
You barely miss Jorgrun. Jorgrun misses you. The grasping roots constrict you!
* * * LOW HITPOINT WARNING * * *
The roots grasp on you weakens, but your attempt to escape fails.
Jorgrun closely misses you. The grasping roots constrict you!
You die...
Your body disappears without a glow.

..#...###....
.##.....................
........................
.#........#.............
...>......#.............
........................
........................
....#...##........#.####
......g@...ยง.~~.....##.#
..............~~....#...
......#...........#.##.#
..................#.#...
....##..........###..#.#
................# #.#...
................# #.##.#
.. .............# #.#...
............. ..##.#


You could see Jorgrun.

Vanquished Creatures
  Fannar (D:12)
  A boulder beetle (D:12)
  4 two-headed ogres
  A manticore (D:12)
  The ghost of scionoferis the Cudgeller, a novice AtFi of Zin (D:5)
  An elephant (D:8)
  A gargoyle (Bailey)
  Psyche (D:12)
  2 trolls (D:11)
  Grinder (D:3)
  3 slime creatures (D:12)
  Sigmund (D:3)
  A shadow (D:11)
  A vampire (Bailey)
  4 yaks
  A wraith (D:12)
  A water moccasin (D:8)
  6 orc warriors
  An ice beast (D:5)
  4 black bears
  A sky beast (D:6)
  3 ogres
  A centaur (D:12)
  The ghost of Vadun the Trooper, an amateur DsCK of Xom (D:3)
  2 bullfrogs (D:7)
  A kobold brigand (D:3)
  Blork the orc (D:4)
  5 scorpions
  9 wights
  5 howler monkeys
  5 vampire bats (Bailey)
  6 wolf zombies (Bailey)
  4 hounds
  2 jellies
  Crazy Yiuf (D:3)
  5 orc priests
  A gnoll bouda (D:7)
  Terence (D:3)
  19 orc wizards
  3 iguanas
  7 gnolls
  5 adders
  3 white imps
  2 ufetubi (D:4)
  3 worms
  A dart slug (D:1)
  44 orcs
  7 ball pythons
  8 bats
  6 endoplasms
  A giant cockroach (D:1)
  4 hobgoblins
  4 jackals (D:3)
  A quokka (D:3)
  A frilled lizard (D:3)
  5 goblins
  7 kobolds
  11 orc zombies (Bailey)
  3 rats
236 creatures vanquished.

Vanquished Creatures (collateral kills)
  Nergalle (D:12)
  A troll (D:12)
  A wraith (D:10)
  A centaur (D:11)
  A vampire bat (Bailey)
  An orc wizard (D:5)
  An orc (D:8)
7 creatures vanquished.

Vanquished Creatures (others)
  A basilisk (D:8)
  An ice beast (D:8)
  2 vampire bats (Bailey)
  A gnoll (D:7)
  3 orcs (D:8)
  A giant cockroach (D:3)
  26 foxfires (D:12)
  3 fungi
  5 plants
43 creatures vanquished.

Grand Total: 286 creatures vanquished

Notes
Turn   | Place    | Note
-------+----------+-------------------------------------------
     0 | D:1      | VibeKiller the Spriggan Enchanter began the quest for the
                  | Orb.
     0 | D:1      | Reached XP level 1. HP: 9/9 MP: 5/5
   419 | D:1      | Reached skill level 5 in Stealth
   419 | D:1      | Reached XP level 2. HP: 13/13 MP: 7/7
   432 | D:1      | Learned a level 2 spell: Ensorcelled Hibernation
  1067 | D:2      | Found Beogh's Weapon Boutique.
  1072 | D:2      | Reached XP level 3. HP: 16/16 MP: 8/8
  1076 | D:2      | Learned a level 3 spell: Confusing Touch
  1412 | D:2      | Found a faded altar of an unknown god.
  1953 | D:3      | Noticed Terence
  1962 | D:3      | Killed Terence
  1963 | D:3      | Reached skill level 6 in Stealth
  1963 | D:3      | Reached XP level 4. HP: 20/21 MP: 7/10
  2025 | D:3      | Noticed a scorpion
  2029 | D:3      | Noticed Grinder
  2042 | D:3      | Killed a scorpion
  2043 | D:3      | Reached skill level 1 in Throwing
  2043 | D:3      | Reached skill level 1 in Ice Magic
  2043 | D:3      | Reached XP level 5. HP: 21/24 MP: 3/11
  2045 | D:3      | Found a runed translucent gate.
  2047 | D:3      | Found a runed translucent gate.
  2047 | D:3      | Noticed Vadun's ghost (amateur DsCK)
  2098 | D:3      | Killed Grinder
  2099 | D:3      | Reached skill level 7 in Stealth
  2099 | D:3      | Reached XP level 6. HP: 14/29 MP: 5/13
  2169 | D:3      | Found a runed translucent gate.
  2269 | D:3      | Killed Vadun's ghost
  2308 | D:3      | Got the Handbook of Arcane Weapons
  2638 | D:3      | Found a runed translucent door.
  2639 | D:3      | Noticed Crazy Yiuf
  2644 | D:3      | Killed Crazy Yiuf
  2645 | D:3      | Reached XP level 7. HP: 32/32 MP: 11/14
  2728 | D:3      | Noticed Sigmund
  2738 | D:3      | Killed Sigmund
  2739 | D:3      | Reached skill level 8 in Stealth
  2739 | D:3      | Reached skill level 5 in Hexes
  2792 | D:4      | Found Mupp's Distillery.
  2819 | D:4      | Noticed Menkaure
  2830 | D:4      | Banished Menkaure
  2831 | D:4      | Reached skill level 1 in Fighting
  2831 | D:4      | Reached skill level 5 in Spellcasting
  2901 | D:4      | Found a shimmering blue altar of Sif Muna.
  3084 | D:4      | Reached skill level 9 in Stealth
  3088 | D:4      | Noticed Blork the orc
  3095 | D:4      | Killed Blork the orc
  3403 | D:4      | Reached XP level 8. HP: 37/37 MP: 17/17
  3480 | D:5      | Entered Level 5 of the Dungeon
  3680 | D:5      | Reached skill level 10 in Stealth
  3686 | D:5      | Found a large runed translucent door.
  3686 | D:5      | Found a large runed translucent door.
  3705 | D:5      | Noticed scionoferis's ghost (novice AtFi)
  3792 | D:5      | Killed scionoferis's ghost
  4499 | D:5      | Reached XP level 9. HP: 37/41 MP: 16/20
  4994 | D:6      | Reached skill level 11 in Stealth
  5085 | D:6      | Found an opulent altar of Gozag.
  5189 | D:6      | Found an ornate altar of the Wu Jian Council.
  5189 | D:6      | Found a radiant altar of Vehumet.
  5189 | D:6      | Found a shadowy altar of Dithmenos.
  5189 | D:6      | Found a white marble altar of Elyvilon.
  5214 | D:6      | Found a hazy altar of Hepliaklqana.
  5221 | D:6      | Found a sparkling altar of Nemelex Xobeh.
  5234 | D:6      | Became a worshipper of Nemelex Xobeh the Trickster
  5301 | D:6      | Reached skill level 5 in Dodging
  5838 | D:7      | Found a staircase to the Ecumenical Temple.
  6146 | D:7      | Reached skill level 12 in Stealth
  6265 | D:7      | Found a flagged portal.
  6274 | Bailey   | Entered a bailey
  6659 | Bailey   | Noticed a gargoyle
  6665 | Bailey   | Killed a gargoyle
  6687 | Bailey   | Reached skill level 5 in Short Blades
  6687 | Bailey   | Reached XP level 10. HP: 46/46 MP: 20/23
  6690 | Bailey   | Identified the +17 plate armour of Hepliaklqana, Flying
                  | {Dex+4}
  6839 | D:7      | Reached * piety under Nemelex Xobeh
  7380 | D:8      | Received a gift from Nemelex Xobeh
  7558 | D:8      | Found a staircase to the Lair.
  7559 | D:8      | Noticed an elephant
  7652 | D:8      | Learned a level 3 spell: Portal Projectile
  7787 | D:8      | Killed an elephant
  7788 | D:8      | Reached skill level 13 in Stealth
  7788 | D:8      | Reached skill level 1 in Evocations
  8507 | D:9      | You fall into a shaft and drop 2 floors!
  8548 | D:11     | Noticed a two-headed ogre
  8552 | D:11     | Killed a two-headed ogre
  8702 | D:11     | Reached skill level 1 in Translocations
  8868 | D:11     | Reached skill level 10 in Spellcasting
  9361 | D:10     | Entered Level 10 of the Dungeon
  9361 | D:10     | Noticed a two-headed ogre
  9375 | D:10     | Killed a two-headed ogre
  9423 | D:10     | Noticed a two-headed ogre
  9431 | D:10     | Killed a two-headed ogre
  9432 | D:10     | Reached skill level 14 in Stealth
  9432 | D:10     | Reached XP level 11. HP: 51/51 MP: 23/26
  9457 | D:10     | Reached ** piety under Nemelex Xobeh
  9520 | D:10     | Found a broken altar of Ashenzari.
  9824 | D:10     | Found a portal to a secret trove of treasure.
 10475 | D:12     | Reached skill level 10 in Hexes
 10482 | D:12     | Received a gift from Nemelex Xobeh
 10489 | D:12     | Noticed a two-headed ogre
 10502 | D:12     | Killed a two-headed ogre
 10648 | D:12     | Noticed a boulder beetle
 10726 | D:12     | Killed a boulder beetle
 10771 | D:12     | Noticed Psyche
 10777 | D:12     | Killed Psyche
 10838 | D:12     | Learned a level 1 spell: Foxfire
 10945 | D:12     | Reached skill level 15 in Stealth
 10954 | D:12     | Found a staircase to the Orcish Mines.
 11121 | D:12     | Noticed Fannar
 11133 | D:12     | Killed Fannar
 11195 | D:12     | Noticed Nergalle
 11203 | D:12     | Killed Nergalle
 11632 | D:12     | Reached *** piety under Nemelex Xobeh
 11837 | D:13     | Found Hisk's Antique Weapon Boutique.
 11839 | D:13     | Found Seepny Apuh's Book Shop.
 11882 | D:13     | Noticed a centaur warrior
 11885 | D:13     | Noticed a skeletal warrior
 11904 | D:13     | Received a gift from Nemelex Xobeh
 11933 | D:13     | Banished a centaur warrior
 11988 | D:13     | Found Ybopt's Book Boutique.
 12002 | D:13     | Noticed a deep elf zephyrmancer
 12003 | D:13     | Noticed an orc sorcerer
 12004 | D:13     | Noticed an orc sorcerer
 12014 | D:13     | Noticed a four-headed hydra
 12023 | D:13     | Noticed a red ugly thing
 12111 | D:13     | Noticed Jorgrun
 12119 | D:13     | Constricted to death by Jorgrun

Illustrated notes

Levels and vault maps discovered:
D:1:      sevenhm_arrival_forest_fort_large_3, layout_loops_corners,
          serial_forest, infiniplex_forest_straight_2,
          infiniplex_forest_clump_medium, infiniplex_forest_straight_2,
          infiniplex_forest_clump_C, infiniplex_forest_lined_room_2,
          infiniplex_forest_fountain
D:2:      layout_rooms, serial_shops, nicolae_shop_statue_plus,
          nicolae_ecumenical_lake_church, grunt_decor_mini_mirrors
D:3:      layout_rooms, serial_glass, glass_columns_b, glass_columns_b,
          gammafunk_ghost_nasty_kobolds, minmay_misc_feat_plants,
          patterned_corridor, uniq_grinder, uniq_sigmund, uniq_terence,
          uniq_crazy_yiuf_cottage
D:4:      layout_cave_pools, lemuel_doored_altar, serial_glass, glass_columns_a,
          glass_columns_b, nicolae_stop_n_shop_2, minmay_misc_feat_roman,
          grunt_ministairs_4, small_statue_alley_b, uniq_menkaure,
          uniq_blork_the_orc
D:5:      layout_loops_corners, ebering_ghost_disaster_area
D:6:      nicolae_cairo_tiling_large_dashed, layout_loops_ring,
          minmay_overflow_temple_hex, mainiacjoe_overflow_surrounded_room
D:7:      layout_basic, minmay_temple_entry_wispy, enter_bailey_8
D:8:      layout_rooms, david_lair_generic
D:9:      layout_basic, uniq_prince_ribbit1
D:10:     layout_long_grid, grunt_temple_overflow_champion_of_chaos,
          lemuel_round_altar, trove_entry_hex_spiral
D:11:     layout_basic
D:12:     layout_cave_pods, erik_orc_2, uniq_psyche, uniq_fannar, uniq_nergalle
D:13:     minmay_the_grid_net [minmay_the_grid_minigrid_small_alt,
          minmay_the_grid_tri_star, minmay_the_grid_spin_star,
          minmay_the_grid_zigzag_pyramid, minmay_the_grid_square_x,
          minmay_the_grid_prize_four_corners_diamond_a], layout_basic,
          serial_shops, nicolae_shop_temple_entry_statues_fountains,
          kennysheep_mini_moat, nicolae_shop_stone, nicolae_take_the_stairs,
          shop, kennysheep_generic_room_4, uniq_snorg, uniq_jorgrun

Skill      XL: |  1  2  3  4  5  6  7  8  9 10 11 |
---------------+----------------------------------+-----
Spellcasting   | 3 4 5 7 8 10 11 | 11.8
Stealth        | 5 6 7 9 10 12 14 15 | 15.8
Hexes          | 4 5 6 8 9 10 | 10.8
Dodging        | 3 4 5 6 7 |  7.0
Throwing       | 1 2 3 4 |  4.2
Ice Magic      | 1 2 |  2.1
Short Blades   | 2 3 4 5 6 |  6.6
Fighting       | 1 2 |  2.9
Evocations     | 2 3 |  3.0
Translocations | 1 2 |  2.2
Conjurations   | |  0.5
Fire Magic     | |  0.6

Action                   |  1- 3 |  4- 6 |  7- 9 | 10-12 || total
-------------------------+-------+-------+-------+-------++-------
Melee: Dagger            |    67 |    40 |       |       ||   107
       Punch             |     1 |     1 |     5 |     4 ||    11
       Short sword       |       |    38 |   258 |   263 ||   559
Throw: Boomerang         |    14 |    10 |    28 |     2 ||    54
       Dart              |       |       |       |    23 ||    23
       Throwing net      |       |       |       |     1 ||     1
 Cast: Ensorcelled Hiber |    16 |    11 |    14 |    11 ||    52
       Confusing Touch   |       |     5 |    60 |    60 ||   125
       Portal Projectile |       |       |       |     9 ||     9
       Foxfire           |       |       |       |    14 ||    14
Invok: Draw Destruction  |       |       |       |     4 ||     4
       Draw Summoning    |       |       |       |     2 ||     2
Evoke: Wand              |       |       |     9 |    31 ||    40
  Use: Scroll            |       |       |    10 |    13 ||    23
       Potion            |       |       |       |    10 ||    10
 Stab: Sleeping          |    16 |    10 |    36 |    23 ||    85
       Confused          |       |     2 |    28 |    26 ||    56
       Distracted        |       |       |     1 |       ||     1
Armor: Robe              |    11 |     8 |    25 |    18 ||    62
Dodge: Dodged            |    78 |    75 |   213 |   204 ||   570

Table legend: (Time is in decaauts)
 A = Elapsed time spent in this place.
 B = Non-inter-level travel time spent in this place.
 C = Inter-level travel time spent in this place.
 D = Time resting spent in this place.
 E = Time spent auto-exploring this place.
 F = Levels seen in this place.
 G = Mean time per level.
                   A        B        C        D        E       F      G
               +--------+--------+--------+--------+--------+-----+--------+
         Total |   8235 |   3329 |   4906 |   1295 |      0 |  14 |  588.2 |
       Dungeon |   7832 |   2926 |   4906 |   1115 |      0 |  13 |  602.5 |
        Bailey |    403 |    403 |      0 |    180 |      0 |   1 |  403.0 |
               +--------+--------+--------+--------+--------+-----+--------+

Top non-repeatable levels by time:
    D:12: 985 daAuts
     D:5: 951 daAuts
     D:8: 909 daAuts
     D:2: 681 daAuts
     D:1: 636 daAuts
     D:7: 621 daAuts
     D:3: 588 daAuts
     D:6: 582 daAuts
    D:11: 567 daAuts
    D:10: 538 daAuts
     D:4: 436 daAuts
  Bailey: 403 daAuts
    D:13: 213 daAuts
     D:9: 121 daAuts
